Map: Ascension to Aiur LE

Players

Rafaq - Winner!

  • Race: Terran Terran
  • Spawn Location: 11:00

Communist

  • Race: Terran Terran
  • League: Diamond
  • Spawn Location: 5:00

VOD

Have the link to the VOD?

Description

Time

  • Played on: Jan. 3, 2018, 3:18 p.m.
  • Length: 6:24
Show
View Real Time Build Order
Export as new Build Order

Rafaq Terran - Winner!

Build Orders: Reaper Expand, Hellion Banshee 

Get SALT Encoding   

  12  0:01  SCV  
  13  0:13  SCV  
  14  0:18  Supply Depot  
  14  0:25  SCV  
  15  0:31  Refinery  
  15  0:39  SCV  
  16  0:45  Barracks  
  16  0:53  SCV  
  17  1:06  SCV  
  18  1:18  SCV  
  19  1:32  Reaper, Orbital Command  
  20  1:47  Command Center  
  20  1:58  SCV  
  21  2:05  Barracks Reactor  
  20  2:09  Refinery  
  20  2:13  Factory  
  20  2:15  SCV  
  21  2:20  Supply Depot  
  21  2:28  SCV  
  22  2:41  SCV  
  23  2:52  Barracks Tech Lab  
  23  2:53  SCV  
  24  2:59  Starport  
  24  3:01  Orbital Command  
  24  3:05  Hellion, SCV  
  27  3:10  Hellion  
  29  3:17  SCV  
  30  3:28  SCV  
  30  3:30  Hellion  
  30  3:31  Hellion  
  35  3:37  Armory  
  35  3:38  Barracks Tech Lab  
  35  3:42  SCV  
  35  3:43  SCV  
  35  3:45  Supply Depot  
  39  3:48  Banshee  
  39  3:54  SCV  
  41  4:00  SCV  
  42  4:03  Hellion x2  
  42  4:06  Cloaking Field  
  42  4:07  SCV  
  47  4:12  Barracks Tech Lab, Supply Depot  
  47  4:14  SCV  
  48  4:23  SCV  
  49  4:26  SCV  
  48  4:35  Viking  
  48  4:36  Hellion x2  
  48  4:37  SCV  
  53  4:39  Supply Depot  
  53  4:45  SCV  
  50  4:51  Engineering Bay  
  50  4:52  Refinery  
  50  4:56  SCV  
  50  4:57  SCV  
  52  5:01  Refinery  
  52  5:03  Supply Depot  
  52  5:08  SCV  
  52  5:12  Hellion x2  
  57  5:19  Factory, SCV  
  58  5:21  Factory  
  58  5:24  Barracks Tech Lab  
  56  5:31  SCV  
  56  5:32  SCV  
  57  5:44  Command Center  
  60  5:50  SCV  
  61  6:02  SCV x2  
Show
View Real Time Build Order
Export as new Build Order

Communist Terran 

Build Orders: Liberator Opening, Reaper Expand 

Get SALT Encoding   

  12  0:00  SCV  
  13  0:12  SCV  
  14  0:17  Supply Depot  
  14  0:26  SCV  
  15  0:29  Refinery  
  15  0:41  Barracks  
  15  0:45  SCV  
  16  0:57  SCV  
  17  1:09  SCV  
  18  1:21  SCV  
  19  1:29  Reaper  
  20  1:34  Orbital Command  
  20  1:44  Command Center  
  20  1:56  Factory  
  20  2:11  Barracks Reactor  
  21  2:22  SCV  
  21  2:35  SCV, Supply Depot  
  22  2:37  Supply Depot  
  22  2:45  Factory Tech Lab  
  22  2:47  SCV  
  22  2:48  Refinery  
  23  2:55  Engineering Bay, Marine x2  
  25  2:59  SCV  
  25  3:03  Starport  
  26  3:07  Widow Mine  
  26  3:10  SCV  
  26  3:11  SCV  
  30  3:22  SCV  
  30  3:23  SCV  
  32  3:29  Liberator  
  32  3:34  SCV  
  32  3:35  SCV  
  32  3:40  Barracks  
  34  3:42  Supply Depot  
  37  3:57  Stimpack  
  37  3:58  Marine  
  37  4:00  Hellion  
  37  4:01  SCV  
  41  4:07  SCV  
  42  4:13  SCV  
  42  4:15  Refinery  
  42  4:16  Marine  
  44  4:19  Terran Infantry Weapons Level 1, SCV  
  41  4:25  SCV  
  36  4:40  SCV x2  
  38  4:48  Barracks Reactor  
  38  4:49  Starport Reactor  
  38  4:52  SCV x2  
  40  4:59  Factory  
  40  5:04  Marine, SCV x2  
  43  5:16  SCV x2  
  43  5:20  Factory Tech Lab  
  45  5:22  Marine  
  46  5:28  SCV  
  44  5:36  Medivac x2  
  44  5:37  Marine x2  
  44  5:40  Marine  
  44  5:42  Factory Tech Lab  
  51  5:51  Barracks  
  51  5:52  SCV, Supply Depot  
  51  5:53  Barracks  
  51  5:54  Orbital Command  
  51  5:55  Marine  
  53  5:57  Marine  
  54  6:04  SCV  
  54  6:08  Missile Turret  
Tags
 
Add a new tag
Caveats
  • Supply blocks, unpowered buildings, or Contaminate may cause inaccurate times.
  • Supply counts are checked every 10 seconds.